 Dungeon Crawl Stone Soup version 0.29-a0-1065-g47a6bb87d6 (webtiles) character file.

Game seed: 17613416932438245107

38895 xian the Cleaver (level 13, -9/86 HPs)
             Began as a Demonspawn Fighter on Aug 19, 2022.
             Was a High Priest of Hepliaklqana.
             Killed by divine providence
             ... invoked by an orc priest
              (14 damage)
             ... while paralysed by an orc sorcerer
             ... on level 2 of the Orcish Mines.
             The game lasted 01:00:57 (16965 turns).

xian the Cleaver (Demonspawn Fighter)              Turns: 16965, Time: 01:00:58

Health: -9/86      AC: 22    Str: 25      XL:     13   Next: 66%
Magic:  20/20      EV:  2    Int: 11 (14) God:    Hepliaklqana [*****.]
Gold:   1114       SH:  0    Dex: 13      Spells: 12/12 levels left

rFire   + . .      SeeInvis .   c - +8 hand axe of xian's Peril {speed, rPois rF+}
rCold   + + +      Faith    .   M - +1 buckler {AC+3}
rNeg    . . .      Spirit   .   b - +4 chain mail {rC+}
rPois   +          Reflect  +   j - +1 hat
rElec   +          Harm     .   y - scarf {rC+ rF+}
rCorr   .          Rampage  .   D - +1 pair of gloves
Will    .....                   (no boots)
Stlth   ..........              C - amulet of reflection
HPRegen 0.24/turn               e - ring "Inkana" {Ice rElec Str+4 Int+4}
MPRegen 0.17/turn               I - +4 ring of slaying

@: paralysed, hasted
A: reduced essence, antennae 2, demonic guardian 1, condensation shield,
weakness stinger 2, demonic touch 2
a: Renounce Religion, Recall Ancestor, Ancestor Identity, Transference, Idealise


You were on level 2 of the Orcish Mines.
You worshipped Hepliaklqana.
Hepliaklqana was extremely pleased with you.
You visited 3 branches of the dungeon, and saw 15 of its levels.
You also visited: Bailey.

You collected 1903 gold pieces.
You spent 789 gold pieces at shops.

Inventory:

Hand Weapons
 c - the +8 hand axe of xian's Peril (weapon) {speed, rPois rF+}
   (You found it on level 7 of the Dungeon)

   Attacks with this weapon are significantly faster.
   rF:        It protects you from fire.
   rPois:     It protects you from poison.
 t - the +7 great sword "Hyj Rori" {drain, rCorr}
   (You took it off a tengu warrior on level 10 of the Dungeon)

   A truly terrible weapon, it drains the life of any living foe it strikes.
   rCorr:     It protects you from acid and corrosion.
Missiles
 z - a throwing net
 F - 42 poisoned darts (quivered)
Armour
 b - a +4 chain mail of cold resistance (worn)
 j - a +1 hat (worn)
 y - a scarf of resistance (worn)
 D - a +1 pair of gloves (worn)
 M - a +1 buckler of protection (worn)
Jewellery
 e - the ring "Inkana" (left hand) {Ice rElec Str+4 Int+4}
   (You bought it in a shop on level 11 of the Dungeon)

   [ring of ice]

   It enhances your ice magic.
   Str:       It affects your strength (+4).
   Int:       It affects your intelligence (+4).
   rF:        It makes you vulnerable to fire.
   rC:        It protects you from cold.
   rElec:     It insulates you from electricity.
 C - an amulet of reflection (around neck)
 E - a +6 ring of strength
 I - a +4 ring of slaying (right hand)
 Y - a ring of see invisible
Wands
 a - a wand of mindburst (3)
 G - a wand of flame (19)
 S - a wand of paralysis (6)
 T - a wand of roots (18)
 V - a wand of polymorph (2)
Scrolls
 g - 2 scrolls of vulnerability
 l - 2 scrolls of amnesia {unknown}
 m - 2 scrolls of fear {unknown}
 n - a scroll of magic mapping
 o - 2 scrolls of enchant armour {unknown}
 r - 8 scrolls of teleportation
 w - 2 scrolls of enchant weapon
 B - 3 scrolls of noise {unknown}
 H - a scroll of butterflies
 Q - 2 scrolls of immolation {unknown}
 R - a scroll of torment
 U - a scroll of summoning {unknown}
Potions
 d - a potion of might
 f - 3 potions of invisibility
 h - 3 potions of resistance {unknown}
 i - 6 potions of haste
 k - 7 potions of curing
 p - 3 potions of brilliance {unknown}
 q - a potion of ambrosia
 s - 4 potions of heal wounds
 u - 2 potions of attraction {unknown}
 v - a potion of cancellation
 x - 7 potions of mutation
 J - a potion of lignification {unknown}
 K - 2 potions of magic {unknown}
 N - 6 potions of flight
 W - a potion of degeneration {unknown}
Miscellaneous
 A - a phial of floods
 P - a phantom mirror
 X - a condenser vane
 Z - a piece from Xom's chessboard (15/15)


   Skills:
 + Level 7.5 Fighting
 - Level 5.6 Long Blades
 * Level 12.2(12.8) Axes
 - Level 5.9(9.9) Maces & Flails
 + Level 3.9 Throwing
 + Level 9.9 Armour
 + Level 2.3 Dodging
 - Level 1.0 Stealth
 + Level 8.9 Shields
 * Level 10.0 Invocations
 + Level 0.9 Evocations


You had 12 spell levels left.
You didn't know any spells.
Your spell library contained the following spells:

 Spells                   Type           Power      Damage    Failure   Level
 Blink                    Tloc           0%         N/A       97%         2
 Frozen Ramparts          Ice            0%         1d1       100%        3
 Inner Flame              Hex/Fire       0%         N/A       100%        3
 Lesser Beckoning         Tloc           0%         N/A       100%        3
 Portal Projectile        Hex/Tloc       0%         N/A       100%        3
 Spider Form              Tmut/Pois      0%         N/A       100%        3
 Tukima's Dance           Hex            0%         N/A       100%        3
 Ice Form                 Ice/Tmut       0%         N/A       100%        4
 Sticky Flame             Conj/Fire      0%         2d3       100%        4
 Summon Ice Beast         Ice/Summ       0%         N/A       100%        4
 Blade Hands              Tmut           0%         N/A       100%        5
 Fireball                 Conj/Fire      0%         3d3       100%        5
 Manifold Assault         Tloc           0%         N/A       100%        5


Dungeon Overview and Level Annotations

Branches:
Dungeon (12/15)            Temple (0/1) D:5            Lair (1/5) D:11
    Orc (2/2) D:12            Elf (0/3) Orc:2        Bailey (visited)

Altars:
Ashenzari
Gozag
Hepliaklqana
Makhleb
Nemelex Xobeh
Qazlal
Sif Muna

Shops:
D:7 (   D:11 (=((   Orc:1 !

Portals:
Trove: D:11 (give horn of Geryon)

Annotations:
D:4 3 runed translucent doors, SensoryNuts's ghost, amateur DsGl
Lair:1 3 runed translucent doors, Puggon's ghost, journeyman TeAE


Innate Abilities, Weirdness & Mutations

Your life essence is reduced to manifest your ancestor. (-10% HP)
You have a pair of antennae on your head.
A weak demonic guardian rushes to your aid.
A meltable shield of frost defends you. (SH +0)
You have a tail ending in a sharp stinger.
Your touch may inflict irresistible damage on your foes.


Message History

The hellwing disappears in a puff of smoke!
You slash the orc sorcerer! You slash the orc knight!
WhoFearsDeath points at the orc knight and mumbles some strange words.
The puff of frost hits the orc knight!
The orc sorcerer gestures at you while chanting.
The bolt of negative energy hits you!
You feel drained.
An orc sorcerer comes into view. It is wielding a +0 dagger.
The orc knight hits you with a +0 great sword.
The neqoxec gestures at you.
You feel dopey. Something feeds on your intellect!
Your life force feels restored.
WhoFearsDeath casts a spell at the orc knight.
The stone arrow hits the orc knight!
The orc knight hits WhoFearsDeath with a +0 long sword!!
The orc sorcerer points at you and mumbles some strange words.
You suddenly lose the ability to move!
WhoFearsDeath hits the orc knight with a +0 quarterstaff.
The orc knight barely misses WhoFearsDeath.
The hellwing swoops through the air toward you!
The hellwing hits you but does no damage.
The hellwing hits you.
* * * LOW HITPOINT WARNING * * *
The orc knight hits you with a +0 great sword!!
* * * LOW HITPOINT WARNING * * *
A demonic guardian appears!
The orc priest no longer looks unusually strong.
WhoFearsDeath hits the orc knight with a +0 quarterstaff!
The orc knight hits WhoFearsDeath with a +0 long sword!
The hellwing hits you but does no damage. x2
An orc wizard comes into view. It is wielding a +0 dagger.
The orc wizard shouts!
The orc high priest no longer looks unusually strong.
The orc sorcerer no longer looks unusually strong.
An orc knight comes into view. It is wielding a +0 war axe.
WhoFearsDeath casts a spell at the orc knight.
The puff of frost hits the orc knight!
The orc priest mumbles some strange prayers to Beogh against you.
Beogh smites you!
You die...

#...÷.. #.............
#...o.o #.....).......
#...o○. #.............
#.....4 #.............
#÷.÷÷.÷{
##..).#........
#...÷4{{
#....#.........
#..o.####...##.........
#..ooo##....#.......#..
###ooo@4...##......#...
##.3R5..###..........
###...## .......#...
##### ..........
..##....# ##.##


You could see the friendly WhoFearsDeath the battlemage, 3 orc knights, an orc
high priest, 2 hellwings, a neqoxec (summoned), an orc sorcerer, an orc warrior
(strong), 2 orc priests, an orc wizard (strong) and a friendly shadow imp
(summoned).

Vanquished Creatures
  2 hydras
  A boulder beetle (D:10)
  A centaur warrior (D:10)
  2 death knights (D:10)
  8 two-headed ogres
  A tengu warrior (D:10)
  An orc high priest (Orc:2)
  Pikel (D:6)
  An orc sorcerer (Orc:2)
  An orc knight (Orc:2)
  An ugly thing (D:12)
  2 manticores
  A black mamba (Lair:1)
  4 cane toads (Lair:1)
  An unseen horror (D:12)
  A komodo dragon (D:8)
  3 trolls
  6 slime creatures (D:12)
  3 blink frogs (Lair:1)
  Grinder (D:4)
  Sigmund (D:5)
  A shadow (D:11)
  20 yaks
  3 wraiths
  A wyvern (D:10)
  Eustachio (D:6)
  2 steam dragons (D:6)
  4 vampire mosquitoes (D:12)
  Menkaure (D:7)
  4 acid dragons
  A warg (Orc:2)
  10 orc warriors
  A sky beast (D:8)
  A wolf (D:11)
  6 centaurs
  7 ogres
  4 kobold brigands
  5 phantoms
  3 bullfrogs
  A necrophage (D:7)
  A scorpion (D:6)
  2 wights (D:8)
  A killer bee (D:8)
  An electric eel (D:11)
  2 howler monkeys (D:9)
  5 orc priests
  4 hounds
  13 orc wizards
  Natasha (D:4)
  An adder (D:2)
  3 gnolls (D:4)
  A white imp (D:7)
  An ufetubus (D:5)
  A worm (D:2)
  2 dart slugs
  28 orcs
  7 ball pythons
  5 bats
  7 endoplasms
  2 giant cockroaches
  9 goblins
  8 hobgoblins
  A jackal (D:1)
  31 kobolds
  4 quokkas
  2 frilled lizards (D:1)
  7 rats
269 creatures vanquished.

Vanquished Creatures (collateral kills)
  2 hydras (Lair:1)
  Erolcha (D:12)
  A deep elf pyromancer (D:12)
  An orc knight (Bailey)
  A cyclops (Orc:1)
  A black mamba (Lair:1)
  3 gargoyles
  2 unseen horrors (D:10)
  6 trolls
  A blink frog (Lair:1)
  2 slime creatures
  2 shadows
  A vampire (D:12)
  2 wyverns (D:10)
  2 steam dragons
  A water elemental (D:11)
  10 yaks
  A vampire mosquito (D:10)
  A warg (Orc:1)
  2 water moccasins
  2 acid dragons
  7 orc warriors
  3 ice beasts
  2 centaurs (D:11)
  3 ogres
  Blork the orc (D:4)
  A kobold brigand (D:9)
  2 necrophages
  A gnoll sergeant (D:8)
  A bullfrog (D:7)
  6 wights (D:8)
  4 scorpions
  3 killer bees (D:8)
  A howler monkey (D:12)
  3 electric eels (D:11)
  5 hounds
  4 orc priests
  2 gnoll boudas (D:10)
  A jelly (D:7)
  Natasha (D:4)
  An iguana (D:7)
  6 orc wizards
  6 gnolls
  An adder (D:6)
  2 white imps (D:5)
  4 ufetubi
  A worm (D:4)
  A dart slug (D:5)
  24 orcs
  2 ball pythons
  6 goblins
  3 hobgoblins
  12 kobolds
165 creatures vanquished.

Vanquished Creatures (others)
  17 battlemagi
  A demonic plant (D:5)
  A fungus (Lair:1)
  6 plants
  4 toadstools (D:3)
29 creatures vanquished.

Grand Total: 463 creatures vanquished

Notes
Turn   | Place    | Note
-------+----------+-------------------------------------------
     0 | D:1      | xian the Demonspawn Fighter began the quest for the Orb.
     0 | D:1      | Reached XP level 1. HP: 18/18 MP: 1/1
   187 | D:1      | Discovered your monstrous ancestry.
   187 | D:1      | Gained mutation: You have a pair of small antennae on your
                  | head. [demonic ancestry]
   187 | D:1      | Reached XP level 2. HP: 23/24 MP: 2/2
   786 | D:1      | Gained mutation: You have a small tail. [demonic ancestry]
   786 | D:1      | Reached XP level 3. HP: 25/29 MP: 3/3
  1230 | D:2      | Noticed Natasha
  1535 | D:2      | Found a faded altar of an unknown god.
  1562 | D:2      | Prayed at the altar of an unknown god.
  1562 | D:2      | Became a worshipper of Hepliaklqana the Forgotten
  1562 | D:2      | Reached * piety under Hepliaklqana
  1827 | D:2      | Found a sparkling altar of Nemelex Xobeh.
  2337 | D:3      | Found a shimmering blue altar of Sif Muna.
  2345 | D:3      | Gained mutation: A meltable shield of frost defends you.
                  | (SH +0) [demonic ancestry]
  2345 | D:3      | Reached XP level 4. HP: 28/31 MP: 4/4
  2962 | D:4      | Reached ** piety under Hepliaklqana
  2963 | D:4      | Remembered your ancestor WhoFearsDeath as a battlemage
  3247 | D:4      | Noticed SensoryNuts's ghost (amateur DsGl)
  3249 | D:4      | Noticed a necrophage
  3257 | D:4      | Found a runed translucent gate.
  3257 | D:4      | Found a runed translucent gate.
  3257 | D:4      | Found a runed translucent gate.
  3334 | D:4      | Killed Natasha
  3335 | D:4      | Gained mutation: A weak demonic guardian rushes to your
                  | aid. [demonic ancestry]
  3335 | D:4      | Reached XP level 5. HP: 36/36 MP: 5/5
  3344 | D:4      | Noticed Grinder
  3358 | D:4      | Paralysed by Grinder for 3 turns
  3366 | D:4      | Killed Grinder
  3367 | D:4      | Gained mutation: Your touch may inflict minor irresistible
                  | damage on your foes. [demonic ancestry]
  3367 | D:4      | Reached XP level 6. HP: 27/43 MP: 6/6
  3587 | D:4      | Noticed Blork the orc
  3593 | D:4      | Killed Blork the orc
  3857 | D:4      | Found an opulent altar of Gozag.
  3951 | D:4      | Gained mutation: Your touch may inflict irresistible damage
                  | on your foes. [demonic ancestry]
  3951 | D:4      | Reached XP level 7. HP: 33/47 MP: 7/7
  4158 | D:4      | Noticed Natasha
  4162 | D:4      | Killed Natasha
  4244 | D:5      | Entered Level 5 of the Dungeon
  4340 | D:5      | Reached skill level 5 in Long Blades
  4340 | D:5      | Reached skill level 5 in Armour
  4403 | D:5      | Identified the +5 whip of the Desert {freeze, MP+9}
  4640 | D:5      | Found a staircase to the Ecumenical Temple.
  4669 | D:5      | Noticed Sigmund
  4677 | D:5      | Killed Sigmund
  4678 | D:5      | Reached skill level 1 in Throwing
  4678 | D:5      | Reached XP level 8. HP: 50/54 MP: 8/8
  4931 | D:5      | Reached skill level 1 in Maces & Flails
  4931 | D:5      | Reached skill level 1 in Stealth
  5130 | D:5      | Found a stormy altar of Qazlal.
  5135 | D:5      | Reached *** piety under Hepliaklqana
  5443 | D:6      | Noticed Eustachio
  5449 | D:6      | Killed Eustachio
  5450 | D:6      | Reached skill level 5 in Shields
  5548 | D:6      | Noticed Pikel
  5550 | D:6      | Reached XP level 9. HP: 9/59 MP: 9/9
  5566 | D:6      | Killed Pikel
  5830 | D:6      | Reached skill level 5 in Fighting
  5844 | D:6      | Reached skill level 5 in Maces & Flails
  6412 | D:7      | Found a flagged portal.
  6455 | D:7      | Identified the +8 hand axe of xian's Peril {speed, rPois
                  | rF+}
  6510 | Bailey   | Entered a bailey
  6521 | Bailey   | Noticed an orc knight
  6542 | Bailey   | Reached skill level 1 in Invocations
  6561 | Bailey   | Reached XP level 10. HP: 63/66 MP: 9/11
  6602 | Bailey   | Identified the +1 robe "Fexodigh" {Str+3}
  6612 | Bailey   | Reached skill level 1 in Axes
  6724 | Bailey   | Killed an orc knight
  6725 | Bailey   | Reached skill level 2 in Axes
  7051 | D:7      | Found Siptibiro's Hydra Hut.
  7053 | D:7      | Noticed a six-headed hydra
  7106 | D:7      | Noticed Menkaure
  7111 | D:7      | Killed Menkaure
  7153 | D:7      | Reached skill level 3 in Axes
  7754 | D:8      | Reached skill level 4 in Axes
  7767 | D:8      | Reached **** piety under Hepliaklqana
  8019 | D:8      | Reached skill level 5 in Axes
  8303 | D:8      | Noticed a two-headed ogre
  8317 | D:8      | Killed a two-headed ogre
  8387 | D:8      | Gained mutation: You have a pair of antennae on your head.
                  | [demonic ancestry]
  8387 | D:8      | Reached XP level 11. HP: 72/72 MP: 14/14
  8397 | D:8      | Reached skill level 6 in Axes
  9085 | D:9      | Reached skill level 5 in Invocations
  9099 | D:9      | Found a broken altar of Ashenzari.
  9214 | D:9      | Reached skill level 7 in Axes
  9518 | D:9      | Noticed a two-headed ogre
  9526 | D:9      | Killed a two-headed ogre
  9595 | D:9      | Found a burning altar of Makhleb.
  9838 | D:10     | Entered Level 10 of the Dungeon
  9839 | D:10     | Identified a scroll of acquirement
  9839 | D:10     | Acquired a scarf of resistance
  9872 | D:10     | Noticed a two-headed ogre
  9874 | D:10     | Noticed a two-headed ogre
  9876 | D:10     | Noticed a centaur warrior
  9879 | D:10     | Noticed an eight-headed hydra
  9879 | D:10     | Identified the +7 great sword "Hyj Rori" {drain, rCorr}
  9879 | D:10     | Noticed a tengu warrior
  9893 | D:11     | Found a portal to a secret trove of treasure.
  9898 | D:11     | Killed a two-headed ogre
 10232 | D:11     | Reached skill level 8 in Axes
 10241 | D:11     | Reached skill level 1 in Dodging
 10262 | D:11     | Found a staircase to the Lair.
 10544 | D:11     | Found Ciugydua's Antique Weapon Emporium.
 10576 | D:11     | Found Moim's Jewellery Emporium.
 10860 | D:11     | Bought the ring "Inkana" {Ice rElec Str+4 Int+4} for 669
                  | gold pieces
 11068 | D:10     | Reached skill level 9 in Axes
 11083 | D:10     | Noticed a boulder beetle
 11087 | D:10     | Noticed a death knight
 11194 | D:10     | Reached XP level 12. HP: 28/80 MP: 16/16
 11456 | D:10     | Killed a two-headed ogre
 11473 | D:10     | Killed a centaur warrior
 11658 | D:10     | Noticed a two-headed ogre
 11670 | D:10     | Noticed a death knight
 11675 | D:10     | Killed a two-headed ogre
 11693 | D:10     | Killed a death knight
 11854 | D:10     | Killed a boulder beetle
 11854 | D:10     | HP: 2/80 [death knight/+0 glaive (14)]
 11855 | D:10     | Reached skill level 10 in Axes
 11869 | D:10     | Killed a death knight
 12318 | D:10     | Killed a 12-headed hydra
 12341 | D:10     | Noticed a two-headed ogre
 12360 | D:10     | Killed a two-headed ogre
 12549 | D:10     | Killed a tengu warrior
 13101 | D:10     | Noticed a two-headed ogre
 13105 | D:10     | Killed a two-headed ogre
 13286 | D:11     | Noticed a two-headed ogre
 13295 | D:11     | Killed a two-headed ogre
 13475 | D:11     | Found Tisejis's Weapon Emporium.
 13599 | D:11     | Found Ymmibbeg's Antique Weapon Boutique.
 13821 | Lair:1   | Entered Level 1 of the Lair of Beasts
 13850 | Lair:1   | Noticed an eight-headed hydra
 13857 | Lair:1   | Killed an eight-headed hydra
 13910 | Lair:1   | Reached skill level 11 in Axes
 13994 | Lair:1   | Found a runed translucent gate.
 13994 | Lair:1   | Found a runed translucent gate.
 13995 | Lair:1   | Reached ***** piety under Hepliaklqana
 13995 | Lair:1   | Found a runed translucent gate.
 14044 | Lair:1   | Noticed Puggon's ghost (journeyman TeAE)
 14260 | Lair:1   | Gained mutation: You have a tail ending in a sharp stinger.
                  | [demonic ancestry]
 14260 | Lair:1   | Reached XP level 13. HP: 80/86 MP: 19/19
 14627 | Lair:1   | Got Lasysox's Monograph on Charred Sculpting
 14629 | Lair:1   | Identified the +3 leather armour of Masochism {rN+}
 15129 | D:12     | Noticed Erolcha
 15138 | D:12     | Killed Erolcha
 15727 | D:12     | Found a staircase to the Orcish Mines.
 16235 | Orc:1    | Entered Level 1 of the Orcish Mines
 16235 | Orc:1    | Found Veqoari's Distillery.
 16242 | Orc:1    | Bought a potion of mutation for 120 gold pieces
 16370 | Orc:1    | Reached skill level 12 in Axes
 16576 | Orc:1    | You fall into a shaft and drop 1 floor!
 16576 | Orc:2    | Entered Level 2 of the Orcish Mines
 16576 | Orc:2    | Found a staircase to the Elven Halls.
 16960 | Orc:2    | Reached skill level 10 in Invocations
 16962 | Orc:2    | Paralysed by an orc sorcerer for 5 turns
 16965 | Orc:2    | Killed from afar by an orc priest

Illustrated notes

Levels and vault maps discovered:
D:1:      ebering_trefoil_twist, layout_loops_corners, minmay_heptomino_l4
D:2:      layout_basic, basic_altar, hellmonk_ecumenical_altar_run_dry,
          uniq_natasha
D:3:      layout_rooms, mainiacjoe_overflow_surrounded_room,
          minmay_gold_behind_fungi, kennysheep_generic_room_7
D:4:      layout_loops_corners, nicolae_gozag_cash_rules_everything_around_me,
          gammafunk_ghost_split, uniq_blork_the_orc, uniq_grinder
D:5:      layout_basic, nicolae_qazlal_eye_of_the_storm,
          minmay_temple_entry_from_below_a, serial_demonic, serial_demonic_b,
          serial_demonic_a, serial_demonic_d, serial_demonic_c, uniq_sigmund
D:6:      layout_basic, minmay_circle_x, uniq_pikel, uniq_eustachio
D:7:      layout_basic, enter_bailey_2, doesnt_shop_hydraphobe, uniq_menkaure
D:8:      minmay_slanted_spiral_squares, layout_basic
D:9:      layout_basic, lemuel_round_altar, general_overflow_altar
D:10:     minmay_the_grid_octo_tiled_squarecenter [minmay_the_grid_octo_toaster,
          minmay_the_grid_octo_checkered, minmay_the_grid_octo_77,
          minmay_the_grid_octo_empty,
          minmay_the_grid_square_5x5_megaprize_diamond,
          minmay_the_grid_square_5x5_two, minmay_the_grid_square_5x5_two_small,
          minmay_the_grid_square_5x5_misaligned,
          minmay_the_grid_square_5x5_half_checkered], layout_irregular_city
D:11:     layout_basic, erik_lair_island, serial_shops, nicolae_shop_trees,
          shop, shop, nicolae_shop_crystal, enter_trove_2,
          hangedman_decor_clover_reticule, hangedman_decor_points,
          nrook_pool_corridor
D:12:     layout_cave_pools, erik_orc_3, uniq_erolcha
Lair:1:   cheibrodos_lair_river_kwai, layout_big_grid, gammafunk_ghost_icy
Orc:1:    layout_diamond_mine, serial_shops, shop, elf_legates
Orc:2:    grunt_orc_tribal_feast, layout_diamond_mine

Skill      XL: |  1  2  3  4  5  6  7  8  9 10 11 12 13 |
---------------+----------------------------------------+-----
Armour         | 3 4 5 6 7 8 9 |  9.9
Long Blades    | 2 3 4 5 |  5.6
Shields        | 3 4 5 6 7 8 |  8.9
Fighting       | 4 5 6 7 |  7.5
Throwing       | 1 2 3 |  3.9
Maces & Flails | 3 5 |  5.9
Stealth        | 1 |  1.0
Invocations    | 1 4 6 8 10 | 10.0
Axes           | 5 9 11 12 | 12.2
Dodging        | 1 2 |  2.3
Evocations     | |  0.9

Action                   |  1- 3 |  4- 6 |  7- 9 | 10-12 | 13-15 || total
-------------------------+-------+-------+-------+-------+-------++-------
Melee: Long sword        |   138 |    46 |    36 |       |       ||   220
       Tailslap          |     5 |     2 |    28 |    63 |    39 ||   137
       Whip              |       |       |   104 |       |       ||   104
       Hand axe          |       |       |    13 |   385 |   202 ||   600
Throw: Javelin           |       |     4 |     9 |       |       ||    13
       Dart              |       |       |       |    43 |       ||    43
Invok: Ancestor Identity |     2 |       |       |       |       ||     2
       Ancestor Life: Ba |       |     1 |       |       |       ||     1
       Idealise          |       |       |       |     1 |       ||     1
       Recall Ancestor   |       |       |       |       |     1 ||     1
Evoke: Wand              |       |       |       |     5 |     2 ||     7
  Use: Scroll            |       |     4 |     3 |     6 |     1 ||    14
       Potion            |       |     1 |     2 |     6 |     1 ||    10
 Stab: Distracted        |       |       |     3 |     8 |     2 ||    13
Armor: Scale mail        |   111 |       |       |       |       ||   111
       Plate armour      |     9 |    40 |    85 |   103 |       ||   237
       Chain mail        |       |       |       |    40 |    52 ||    92
Dodge: Dodged            |    95 |    13 |    25 |    83 |    34 ||   250
Block: Buckler           |    41 |    19 |    88 |   255 |   101 ||   504
       Reflection        |       |       |     5 |    26 |     4 ||    35

Table legend: (Time is in decaauts)
 A = Elapsed time spent in this place.
 B = Non-inter-level travel time spent in this place.
 C = Inter-level travel time spent in this place.
 D = Time resting spent in this place.
 E = Time spent auto-exploring this place.
 F = Levels seen in this place.
 G = Mean time per level.
                   A        B        C        D        E       F      G
               +--------+--------+--------+--------+--------+-----+--------+
         Total |  16762 |  16313 |    449 |    827 |  10953 |  16 | 1047.6 |
       Dungeon |  14436 |  14020 |    416 |    827 |   9455 |  12 | 1203.0 |
          Lair |   1145 |   1112 |     33 |      0 |    850 |   1 | 1145.0 |
  Orcish Mines |    684 |    684 |      0 |      0 |    434 |   2 |  342.0 |
        Bailey |    496 |    496 |      0 |      0 |    213 |   1 |  496.0 |
               +--------+--------+--------+--------+--------+-----+--------+

Top non-repeatable levels by time:
    D:10: 2287 daAuts
    D:11: 1627 daAuts
     D:8: 1460 daAuts
     D:4: 1296 daAuts
     D:1: 1254 daAuts
     D:6: 1171 daAuts
    D:12: 1168 daAuts
  Lair:1: 1145 daAuts
     D:2: 1099 daAuts
     D:5: 982 daAuts
     D:9: 739 daAuts
     D:7: 691 daAuts
     D:3: 657 daAuts
  Bailey: 496 daAuts
   Orc:2: 363 daAuts
